 Dungeon Crawl Stone Soup version 0.17-a0-1382-gc46a074 (webtiles) character file.

1446 bal the Ducker (level 8, -3/42 HPs)
             Began as a Vine Stalker Monk on June 15, 2015.
             Was a Priest of Nemelex Xobeh.
             Slain by a vampire mosquito (10 damage)
             ... summoned by the player character
             ... on level 6 of the Dungeon.
             The game lasted 00:22:07 (5057 turns).

bal the Ducker (Vine Stalker Monk)                  Turns: 5057, Time: 00:22:07

Health: -3/42      AC:  7    Str: 15    XL:     8   Next: 75%
Magic:  0/10       EV: 17    Int: 10    God:    Nemelex Xobeh [***...]
Gold:   440        SH:  0    Dex: 18    Spells: 0 memorised, 7 levels left

rFire  . . .     SeeInvis .     a - +1 dagger (flame)
rCold  . . .     Clarity  .     h - +0 robe
rNeg   . . .     SustAt   +     (no shield)
rPois  .         Gourm    +     I - +0 helmet
rElec  .         Spirit   +     G - +1 cloak
rCorr  .         Warding  .     e - +1 pair of gloves
rMut   .         Stasis   .     (no boots)
MR     +....                    j - amulet of the gourmand
Stlth  +++.......               (no ring)
                                n - ring of sustain attributes

@: somewhat resistant to hostile enchantments, fairly stealthy
A: fangs 3, regeneration 2, magic shield, antimagic bite, no device heal 3, rot
immunity
a: Triple Draw, Renounce Religion


You were on level 6 of the Dungeon.
You worshipped Nemelex Xobeh.
Nemelex Xobeh was most pleased with you.
You were not hungry.

You visited 1 branch of the dungeon, and saw 6 of its levels.

You collected 440 gold pieces.

Inventory:

Hand weapons
 a - a +1 dagger of flaming (weapon)
 b - a +0 hunting sling
 f - a +2 whip of venom
 k - a +0 flail of protection
 x - the cursed +2 long sword of Prudence {slice, +Blink rC+++ rN+++ Str-4}
   (You found it on level 4 of the Dungeon)

   It inflicts extra damage upon your enemies.
   It affects your strength (-4).
   It renders you almost immune to cold.
   It renders you almost immune to negative energy.
   It lets you blink.
   It has a curse placed upon it.
 A - a +2 rapier
 D - a +3 dagger
Missiles
 l - 44 sling bullets
 t - a javelin (quivered)
 E - 12 sling bullets of frost
Armour
 e - a +1 pair of gloves (worn)
 h - a +0 robe (worn)
 C - a +0 pair of gloves
 G - a +1 cloak (worn)
 I - a +0 helmet (worn)
Jewellery
 j - an amulet of the gourmand (around neck)
 n - a ring of sustain attributes (left hand)
Magical devices
 p - a wand of polymorph (8)
 v - a wand of heal wounds (2)
 y - a wand of flame (0)
Scrolls
 m - 7 scrolls of remove curse
 q - a scroll of immolation
 r - 2 scrolls of teleportation
 F - a scroll of recharging
Potions
 c - a potion of heal wounds
 u - a potion of mutation {unknown}
Miscellaneous
 g - a plain deck of destruction {drawn: 4}
 H - a plain deck of war {drawn: 4}
Comestibles
 d - 16 fruits
 i - a beef jerky
 s - a bread ration
 w - a slice of pizza
 z - a meat ration
 B - 6 chunks of flesh


   Skills:
 + Level 4.4 Fighting
 + Level 2.2 Short Blades
 + Level 1.5 Maces & Flails
 + Level 0.1(0.4) Slings
 + Level 0.6(0.7) Throwing
 + Level 6.6 Dodging
 + Level 6.1 Stealth
 + Level 4.5 Unarmed Combat
 + Level 1.5 Evocations


You had 7 spell levels left.
You didn't know any spells.

Dungeon Overview and Level Annotations

Branches:
Dungeon (6/15)             Temple (0/1) D:5

Altars:
Fedhas
Gozag
Makhleb
Nemelex Xobeh
Qazlal
Ru
Trog
Vehumet


Innate Abilities, Weirdness & Mutations

You have razor-sharp teeth.
You heal very quickly.
When hurt, damage is shared between your health and your magic reserves.
Your bite disrupts and absorbs the magic of your enemies.
Potions and wands cannot restore your health.
You are immune to rotting.


Message History

Your vampire mosquito bites the gnoll shaman.
Your vampire mosquito draws strength from the gnoll shaman's injuries!
The vampire mosquito barely misses you.
The orc hits you from afar with a trident.
* * * LOW HITPOINT WARNING * * *
Your vampire mosquito bites the gnoll shaman but does no damage.
The vampire mosquito bites you!
* * * LOW HITPOINT WARNING * * *
A jackal zombie comes into view.
Drink which item? (? for menu, Esc to quit)
Okay, then.
Evoke which item? (* to show all) (? for menu, Esc to quit)
Zapping:
v - a wand of heal wounds (will waste charges)
Press: ? - help, Shift-Dir - straight line, f - you, p - gnoll shaman That seemed strangely inert.
Evoking this partially-identified wand wasted a few charges.
Your cleaving frenzy subsides.
The vampire mosquito bites you!
You die...
Your body glows with a rainbow of weird colours and disappears.

......###...# #.##
......###...## ###
.......##....#
........#....# ###
.##..........###+#
..## .
##..........#..<
#...
#.....)...###.# ..#
#..........##.##..#
#.......##..#@.o.#
#.....#####.##yy##
......## ##.#gg#
......# #))Z##
...... #........#
...... #..####..##
..... #.)# .....
#... ...# ...# ..g#
..##


You could see a vampire mosquito, a gnoll shaman, a gnoll, an orc, a jackal
zombie and a friendly vampire mosquito.

Vanquished Creatures
  The ghost of Hanyuu the Covert, an experienced SpEn (D:4)
  Sigmund (D:3)
  A sky beast (D:5)
  A giant frog (D:6)
  Blork the orc (D:4)
  3 crimson imps
  2 orc priests
  3 orc wizards
  2 hounds
  Natasha (twice) (D:4)
  A giant frog skeleton (D:5)
  3 iguanas
  4 worker ants
  A sheep (D:4)
  A hound skeleton (D:3)
  A worker ant zombie (D:6)
  A gnoll (D:1)
  6 adders
  2 oozes
  An adder zombie (D:6)
  2 adder skeletons
  6 worms
  6 giant geckos
  9 orcs
  2 bat zombies (D:5)
  12 hobgoblins
  15 jackals
  10 kobolds
  2 quokkas
  A ball python (D:4)
  11 bats
  5 giant cockroaches
  A giant gecko skeleton (D:4)
  8 giant newts
  12 goblins
  A quokka skeleton (D:6)
  11 rats
  A fungus (D:4)
153 creatures vanquished.

Vanquished Creatures (collateral kills)
  2 orc wizards (D:6)
  A giant gecko (D:5)
  2 orcs (D:6)
5 creatures vanquished.

Vanquished Creatures (others)
  A gnoll (D:6)
  A fungus (D:4)
2 creatures vanquished.

Grand Total: 160 creatures vanquished

Notes
Turn   | Place    | Note
--------------------------------------------------------------
     0 | D:1      | bal the Vine Stalker Monk began the quest for the Orb.
     0 | D:1      | Reached XP level 1. HP: 11/11 MP: 2/2
   276 | D:1      | Reached XP level 2. HP: 16/16 MP: 3/3
   812 | D:1      | Reached XP level 3. HP: 17/19 MP: 4/4
  1324 | D:2      | Reached XP level 4. HP: 12/23 MP: 5/5
  1362 | D:2      | Found an opulent altar of Gozag.
  2062 | D:3      | Noticed Sigmund
  2078 | D:3      | Killed Sigmund
  2078 | D:3      | Reached skill level 1 in Short Blades
  2078 | D:3      | Reached XP level 5. HP: 23/28 MP: 6/6
  2078 | D:3      | Gained mutation: You heal very quickly. [Vine Stalker growth]
  2078 | D:3      | Reached XP level 6. HP: 26/32 MP: 7/7
  2112 | D:3      | Found a sparkling altar of Nemelex Xobeh.
  2174 | D:3      | Became a worshipper of Nemelex Xobeh the Trickster
  2174 | D:3      | Received a gift from Nemelex Xobeh
  2270 | D:3      | Found a bloodstained altar of Trog.
  2922 | D:4      | Noticed Natasha
  2927 | D:4      | Killed Natasha
  2964 | D:4      | Reached XP level 7. HP: 30/36 MP: 5/8
  3043 | D:4      | Noticed Blork the orc
  3054 | D:4      | Killed Blork the orc
  3088 | D:4      | Reached skill level 5 in Dodging
  3175 | D:4      | Noticed Hanyuu's ghost (experienced SpEn)
  3199 | D:4      | Killed Hanyuu's ghost
  3199 | D:4      | Reached skill level 1 in Maces & Flails
  3199 | D:4      | Reached skill level 1 in Evocations
  3351 | D:4      | Noticed Natasha
  3359 | D:4      | Killed Natasha
  3392 | D:4      | Found a burning altar of Makhleb.
  3398 | D:4      | Got a dazzling long sword
  3402 | D:4      | Reached skill level 5 in Stealth
  3407 | D:4      | Gained mutation: You have razor-sharp teeth. [Vine Stalker growth]
  3407 | D:4      | Reached XP level 8. HP: 36/42 MP: 9/9
  3410 | D:4      | Found a radiant altar of Vehumet.
  3416 | D:4      | Identified the cursed +2 long sword of Prudence {slice, +Blink rC+++ rN+++ Str-4} (You found it on level 4 of the Dungeon)
  3685 | D:5      | Entered Level 5 of the Dungeon
  3853 | D:5      | Found a sacrificial altar of Ru.
  3872 | D:5      | Received a gift from Nemelex Xobeh
  3928 | D:5      | Found a stormy altar of Qazlal.
  3933 | D:5      | Found a blossoming altar of Fedhas.
  4071 | D:5      | Found a staircase to the Ecumenical Temple.
  4160 | D:5      | Acquired Nemelex Xobeh's first power
  4335 | D:5      | Reached skill level 6 in Dodging
  4471 | D:5      | Found a bloodstained altar of Trog.
  4998 | D:6      | Received a gift from Nemelex Xobeh
  5057 | D:6      | Slain by a vampire mosquito

Vault maps used:
D:1:      ncdulo_wetmaze, serial_bayou, serial_bayou_lake_a,
          serial_bayou_ford_a, serial_bayou_pond_d, serial_bayou_pond_d,
          minmay_misc_feat_x
D:2:      first_bread, nicolae_gozag_seed_capital
D:3:      nemelex_xobeh_ov_fountains_minmay, trog_butcher_becter, uniq_sigmund
D:4:      grunt_temple_overflow_lords_of_destruction, minmay_gold_behind_fungi,
          uniq_blork_the_orc, uniq_natasha
D:5:      grunt_temple_overflow_forces_of_nature, kennysheep_little_box,
          minmay_temple_entry_poolview, grunt_ministairs_14,
          roderic_three_in_a_row, bloody_trog
D:6:      zin_academy, grunt_temple_overflow_bloody_war, minmay_lizard_king

Action                   |  1- 3 |  4- 6 |  7- 9 || total
-------------------------+-------+-------+-------++-------
Melee: Dagger            |    93 |       |   118 ||   211
       Unarmed           |    27 |       |       ||    27
       Rapier            |    46 |   127 |       ||   173
       Whip              |       |    39 |    91 ||   130
 Fire: Hunting sling     |       |       |     5 ||     5
Throw: Javelin           |       |     3 |       ||     3
Evoke: Deck              |       |     2 |    19 ||    21
       Wand              |       |       |     1 ||     1
  Use: Scroll            |     1 |    10 |     3 ||    14
       Potion            |       |     6 |     1 ||     7
 Stab: Sleeping          |     5 |     8 |     7 ||    20
  Eat: Chunk             |     1 |     6 |     5 ||    12
       Fruit             |     1 |       |       ||     1
       Bread ration      |       |     1 |       ||     1
